 Dungeon Crawl Stone Soup version 0.23.2 (webtiles) character file.

Game seed: 8084082966691361140

4 Borgoz the Sneak (level 1, 0/14 HPs)
             Began as a Ghoul Enchanter on Apr 4, 2019.
             Slain by a jackal (3 damage)
             ... on level 1 of the Dungeon.
             The game lasted 00:01:11 (63 turns).

Borgoz the Sneak (Ghoul Enchanter)                    Turns: 63, Time: 00:01:12

Health: 0/14       AC:  2    Str: 11    XL:     1   Next: 60%
Magic:  1/2        EV: 12    Int: 10    God:
Gold:   12         SH:  0    Dex:  9    Spells: 2/3 levels left

rFire    . . .     SeeInvis .   a - +1 dagger
rCold    + . .     Gourm    .   (no shield)
rNeg     + + +     Faith    .   e - +0 robe
rPois    ∞         Spirit   .   (no helmet)
rElec    .         Reflect  .   (no cloak)
rCorr    .         Harm     .   (no gloves)
MR       .....                  (no boots)
Stlth    ++........             (no amulet)
HPRegen  0.00/turn              (no ring)
MPRegen  0.08/turn              (no ring)

@: rotting
A: rotting body, claws 1, carnivore, cold resistance 1, negative energy
resistance 3, inhibited regeneration, torment resistance, unbreathing
a: no special abilities


You were on level 1 of the Dungeon.
You were not hungry.

You visited 1 branch of the dungeon, and saw 1 of its levels.

You collected 12 gold pieces.

Inventory:

Hand Weapons
 a - a +1 dagger (weapon)
 b - a +0 short sword
Armour
 e - a +0 robe (worn)
Comestibles
 d - a ration


   Skills:
 + Level 0.1 Fighting
 * Level 1.0 Short Blades
 + Level 0.1 Armour
 * Level 1.8 Dodging
 + Level 3.3 Stealth
 + Level 1.8 Spellcasting
 + Level 2.4 Hexes


You had 2 spell levels left.
You knew the following spells:

 Your Spells              Type           Power        Failure   Level  Hunger
a - Corona                Hex            #......      12%         1    ##.....

Your spell library contained the following spells:

 Spells                   Type           Power        Failure   Level  Hunger
 Ensorcelled Hibernation  Hex/Ice        #.....       28%         2    ###....
 Confuse                  Hex            #.......     34%         3    ####...
 Tukima's Dance           Hex            #.......     34%         3    ####...
 Dazzling Spray           Conj/Hex       #.....       50%         3    ####...


Dungeon Overview and Level Annotations

Branches:
Dungeon (1/15)

Altars:


Innate Abilities, Weirdness & Mutations

Your body is rotting away.
You thrive on raw meat.
You are immune to poison.
You have sharp fingernails.
You are carnivorous and can eat meat at any time.
Your flesh is cold resistant. (rC+)
You are immune to negative energy. (rN+++)
You do not regenerate when monsters are visible.
You are immune to unholy pain and torment.
You can survive without breathing.


Message History

As you read the scroll labeled WUNULE RORR, it crumbles to dust.
You feel blessed for a moment.
It was a scroll of remove curse.
The jackal bites you.
Casting: Corona (safe; 12% risk of failure)
Confirm with . or Enter, or press ? or * to list all spells.
You don't know that spell.
Casting: Corona (safe; 12% risk of failure)
Confirm with . or Enter, or press ? or * to list all spells.
Aiming: Corona (safe; 12% risk of failure)
Press: ? - help, Shift-Dir - straight line, f - jackal
Aim: a jackal (chance to defeat MR: 56%)
The jackal is outlined in light.
The jackal closely misses you. The jackal bites you.
* * * LOW HITPOINT WARNING * * *
You barely miss the jackal. The jackal closely misses you.
You barely miss the jackal. The jackal bites you.
* * * LOW HITPOINT WARNING * * *
You barely miss the jackal. The jackal completely misses you.
The jackal bites you.
You die...

#.# #.#....... #.####.#
#.##..#.#. #......#
#.###.#.#. ##
..#####.###......... ...
....................
......#####.###.####.>#.
..... #....(..........
.....s###.#.###.#######.
.....hh@........# .
.....K###.#.##### .....
#.#... ...# #.#.### ..
..#.# # ..#.# ..# .#


You could see 2 jackals, a giant cockroach and a kobold.

Vanquished Creatures
  A hobgoblin (D:1)
  A jackal (D:1)
  A kobold (D:1)
3 creatures vanquished.

Notes
Turn   | Place    | Note
-------+----------+-------------------------------------------
     0 | D:1      | Borgoz the Ghoul Enchanter began the quest for the Orb.
     0 | D:1      | Reached XP level 1. HP: 14/14 MP: 2/2
    43 | D:1      | Reached skill level 1 in Short Blades
    63 | D:1      | Slain by a jackal

Skill      XL: |  1 |
---------------+----+-----
Short Blades   | 1 |  1.0
Fighting       | |  0.1
Armour         | |  0.1
Dodging        | |  1.8
Stealth        | |  3.3
Spellcasting   | |  1.8
Hexes          | |  2.4

Action                   || total
-------------------------++-------
Melee: Dagger            ||    18
 Cast: Corona            ||     1
  Use: Scroll            ||     1
 Stab: Sleeping          ||     1
  Eat: Chunk             ||     1
Armor: Robe              ||     3
Dodge: Dodged            ||    11
